General information
- name: BNet
- type: Ladder team game (AT/RT)
- host: Battle.net
- saver: BATMAN_BEGINS
map: Deadlands
- players: 8
- length: 25:50
- speed: Fast
- version: 1.26 W3XP
- replay type: Public
» download(245 KB)
Players
team 1 (loser)
gGo (
red | 89 APM | 1626 actions | 18:13)
3 Death Knight
2 Death Coil
1 Unholy Aura
2 Lich
1 Frost Nova
1 Frost Armor
1 Dreadlord
1 Sleep
» actions
| Assign group hotkey | 41 | |
| Basic commands | 4 | |
| Build / train | 51 | |
| Enter build submenu | 22 | |
| Enter hero's abilities submenu | 6 | |
| Give item / drop item | 1 | |
| Right click | 665 | |
| Select / deselect | 195 | |
| Select group hotkey | 581 | |
| Use ability | 60 | |
1626 total
» units
| Acolyte | 7 | |
| Ghoul | 5 | |
| Crypt Fiend | 8 | |
| Frost Wyrm | 2 | |
| Gargoyle | 6 | |
28 total
» upgrades
| Creature Attack | 3 | |
| Web | 1 | |
| Creature Carapace | 1 | |
5 total
» buildings
| Graveyard | 1 | |
| Crypt | 3 | |
| Altar of Darkness | 1 | |
| Ziggurat | 11 | |
| Tomb of Relics | 1 | |
| Halls of the Dead | 1 | |
| Necropolis | 1 | |
| Spirit Tower | 1 | |
| Black Citadel | 1 | |
| Sacrificial Pit | 1 | |
| Boneyard | 2 | |
24 total
» build order
00:09 Graveyard
00:15 Crypt
00:45 Altar of Darkness
00:59 Ziggurat
01:25 Tomb of Relics
02:10 Ziggurat
04:52 Ziggurat
04:54 Halls of the Dead
06:26 Ziggurat
06:27 Ziggurat
06:28 Ziggurat
06:30 Necropolis
07:27 Spirit Tower
07:35 Black Citadel
08:19 Sacrificial Pit
10:01 Boneyard
10:02 Boneyard
11:47 Crypt
11:49 Crypt
13:53 Ziggurat
13:54 Ziggurat
14:10 Ziggurat
14:11 Ziggurat
17:01 Ziggurat
» items
| Rod of Necromancy | 2 | |
| Potion of Healing | 1 | |
| Potion of Mana | 1 | |
| Scroll of Town Portal | 1 | |
5 total

»
SoTired (
orange | 86 APM | 1928 actions | 22:28)
4 Death Knight
2 Death Coil
2 Unholy Aura
3 Lich
2 Frost Nova
1 Frost Armor
3 Dark Ranger
1 Black Arrow
2 Silence
» actions
| Assign group hotkey | 38 | |
| Basic commands | 49 | |
| Build / train | 69 | |
| Enter build submenu | 18 | |
| Enter hero's abilities submenu | 10 | |
| Give item / drop item | 2 | |
| Remove unit from queue | 4 | |
| Right click | 734 | |
| Select / deselect | 331 | |
| Select group hotkey | 539 | |
| Use ability | 134 | |
1928 total
» units
| Acolyte | 2 | |
| Ghoul | 2 | |
| Crypt Fiend | 16 | |
| Obsidian Statue | 5 | |
| Banshee | 3 | |
28 total
» upgrades
| Creature Attack | 1 | |
| Burrow | 1 | |
| Destroyer Form | 1 | |
| Banshee Training | 1 | |
| Web | 1 | |
5 total
» buildings
| Graveyard | 1 | |
| Ziggurat | 8 | |
| Crypt | 1 | |
| Altar of Darkness | 1 | |
| Tomb of Relics | 1 | |
| Halls of the Dead | 1 | |
| Black Citadel | 2 | |
| Slaughterhouse | 1 | |
| Temple of the Damned | 1 | |
| Spirit Tower | 1 | |
18 total
» build order
00:12 Graveyard
00:16 Ziggurat
00:19 Crypt
00:52 Altar of Darkness
01:02 Ziggurat
01:48 Tomb of Relics
02:04 Ziggurat
03:46 Halls of the Dead
04:39 Ziggurat
06:19 Black Citadel
07:53 Slaughterhouse
08:14 Ziggurat
10:11 Temple of the Damned
11:41 Ziggurat
11:43 Ziggurat
13:45 Spirit Tower
17:09 Ziggurat
» items
| Rod of Necromancy | 3 | |
| Dust of Appearance | 1 | |
| Lesser Clarity Potion | 1 | |
| Scroll of Regeneration | 1 | |
| Potion of Mana | 1 | |
| Orb of Corruption | 1 | |
| Scroll of Town Portal | 3 | |
| Potion of Healing | 1 | |
12 total
jw0ou23 (
teal | 57 APM | 1247 actions | 22:02)
5 Paladin
1 Holy Light
3 Devotion Aura
1 Divine Shield
1 Archmage
1 Summon Water Elemental
» actions
| Assign group hotkey | 62 | |
| Build / train | 67 | |
| Enter build submenu | 23 | |
| Enter hero's abilities submenu | 6 | |
| Give item / drop item | 1 | |
| Right click | 530 | |
| Select / deselect | 238 | |
| Select group hotkey | 197 | |
| Use ability | 123 | |
1247 total
» units
| Peasant | 8 | |
| Footman | 6 | |
| Knight | 3 | |
| Sorceress | 22 | |
39 total
» upgrades
| Swords | 2 | |
| Defend | 1 | |
| Lumber Harvesting | 1 | |
| Plating | 2 | |
| Sorceress Training | 2 | |
| Animal War Training | 1 | |
9 total
» buildings
| Altar of Kings | 1 | |
| Barracks | 2 | |
| Farm | 12 | |
| Arcane Vault | 1 | |
| Keep | 1 | |
| Blacksmith | 1 | |
| Lumber Mill | 1 | |
| Arcane Sanctum | 1 | |
| Castle | 1 | |
| Town Hall | 3 | |
| Spirit Tower | 5 | |
29 total
» build order
00:10 Altar of Kings
00:13 Barracks
00:15 Farm
01:40 Barracks
01:46 Farm
02:23 Farm
02:29 Arcane Vault
03:38 Keep
03:47 Farm
04:15 Blacksmith
04:18 Lumber Mill
04:34 Farm
05:33 Farm
05:39 Farm
06:05 Arcane Sanctum
06:56 Castle
07:15 Farm
08:06 Farm
08:46 Farm
10:23 Town Hall
11:03 Farm
16:21 Town Hall
17:05 Farm
19:08 Town Hall
19:46 Spirit Tower
19:47 Spirit Tower
19:48 Spirit Tower
19:50 Spirit Tower
19:52 Spirit Tower
» items
| Scroll of Regeneration | 3 | |
| Scroll of Town Portal | 1 | |
4 total
BATMAN_BEGINS (
green | 57 APM | 1472 actions | 25:50)
2 Mountain King
1 Storm Bolt
1 Bash
2 Paladin
1 Divine Shield
1 Holy Light
» actions
| Assign group hotkey | 53 | |
| Basic commands | 15 | |
| Build / train | 62 | |
| Enter build submenu | 21 | |
| Enter hero's abilities submenu | 4 | |
| Give item / drop item | 2 | |
| Remove unit from queue | 1 | |
| Right click | 430 | |
| Select / deselect | 258 | |
| Select group hotkey | 548 | |
| Use ability | 78 | |
1472 total
» units
| Peasant | 15 | |
| Goblin Shredder | 6 | |
| Gryphon Rider | 6 | |
27 total
» upgrades
| Masonry | 3 | |
| Storm Hammers | 1 | |
| Swords | 1 | |
5 total
» buildings
| Altar of Kings | 1 | |
| Farm | 10 | |
| Scout Tower | 18 | |
| Arcane Tower | 1 | |
| Lumber Mill | 1 | |
| Arcane Vault | 1 | |
| Guard Tower | 12 | |
| Keep | 3 | |
| Castle | 2 | |
| Gryphon Aviary | 2 | |
| Blacksmith | 1 | |
| Town Hall | 2 | |
54 total
» build order
00:07 Altar of Kings
00:21 Farm
00:37 Scout Tower
01:07 Arcane Tower
01:20 Farm
01:24 Lumber Mill
01:46 Arcane Vault
01:58 Farm
02:27 Scout Tower
02:28 Scout Tower
03:03 Guard Tower
04:01 Keep
04:06 Scout Tower
04:41 Guard Tower
04:45 Farm
04:50 Farm
05:51 Scout Tower
05:51 Scout Tower
05:52 Scout Tower
05:53 Scout Tower
05:53 Scout Tower
06:23 Castle
06:26 Guard Tower
06:26 Guard Tower
06:26 Guard Tower
06:56 Guard Tower
07:29 Farm
07:29 Farm
07:32 Gryphon Aviary
07:53 Gryphon Aviary
08:31 Blacksmith
10:49 Town Hall
13:41 Farm
14:27 Scout Tower
14:28 Scout Tower
15:12 Guard Tower
15:48 Guard Tower
15:58 Scout Tower
15:58 Scout Tower
16:30 Guard Tower
17:32 Town Hall
19:54 Guard Tower
» items
| Staff of Teleportation | 1 | |
| Scroll of Town Portal | 1 | |
| Scroll of Regeneration | 2 | |
4 total
team 2 (winner)

»
Beljone (
purple | 123 APM | 3131 actions | 25:33)
7 Demon Hunter
3 Mana Burn
3 Evasion
1 Metamorphosis
» actions
| Assign group hotkey | 66 | |
| Basic commands | 207 | |
| Build / train | 62 | |
| ESC pressed | 2 | |
| Enter build submenu | 23 | |
| Enter hero's abilities submenu | 7 | |
| Give item / drop item | 1 | |
| Remove unit from queue | 1 | |
| Right click | 1528 | |
| Select / deselect | 618 | |
| Select group hotkey | 518 | |
| Use ability | 90 | |
3131 total
» units
» upgrades
| Strength of the Wild | 3 | |
| Reinforced Hides | 2 | |
| Corrosive Breath | 1 | |
6 total
» buildings
| Altar of Elders | 1 | |
| Moon Well | 10 | |
| Tree of Ages | 2 | |
| Hunter's Hall | 1 | |
| Ancient of Wind | 1 | |
| Tree of Eternity | 3 | |
| Ancient of Wonders | 1 | |
| Chimaera Roost | 3 | |
| Tree of Life | 6 | |
28 total
» build order
00:09 Altar of Elders
00:20 Moon Well
02:01 Tree of Ages
02:01 Tree of Ages
02:19 Moon Well
02:39 Hunter's Hall
04:12 Moon Well
04:24 Ancient of Wind
05:21 Tree of Eternity
05:21 Tree of Eternity
05:25 Ancient of Wonders
07:55 Chimaera Roost
07:56 Chimaera Roost
07:59 Moon Well
08:23 Chimaera Roost
08:28 Moon Well
08:31 Moon Well
08:32 Moon Well
09:16 Moon Well
09:20 Moon Well
09:22 Moon Well
14:33 Tree of Life
21:21 Tree of Life
22:24 Tree of Life
22:26 Tree of Life
22:29 Tree of Life
24:11 Tree of Life
» items
| Potion of Healing | 1 | |
| Orb of Venom | 1 | |
| Boots of Speed | 1 | |
| Scroll of Town Portal | 5 | |
| Scroll of Regeneration | 1 | |
| Staff of Sanctuary | 1 | |
10 total

»
RWWWWWWWWWWWWWW (
yellow | 211 APM | 5222 actions | 24:45)
5 Tauren Chieftain
2 War Stomp
3 Endurance Aura
4 Shadow Hunter
2 Healing Wave
2 Hex
» actions
| Assign group hotkey | 47 | |
| Basic commands | 111 | |
| Build / train | 93 | |
| ESC pressed | 8 | |
| Enter build submenu | 19 | |
| Enter hero's abilities submenu | 9 | |
| Give item / drop item | 3 | |
| Remove unit from queue | 2 | |
| Right click | 1346 | |
| Select / deselect | 601 | |
| Select group hotkey | 2900 | |
| Use ability | 83 | |
5222 total
» units
| Peon | 19 | |
| Troll Headhunter/Berserker | 21 | |
| Troll Witch Doctor | 13 | |
| Kodo Beast | 1 | |
54 total
» upgrades
| Witch Doctor Training | 2 | |
| Ranged Weapons | 1 | |
| Berserker Upgrade | 1 | |
| War Drums Damage Increase | 1 | |
5 total
» buildings
| Altar of Storms | 1 | |
| Orc Burrow | 5 | |
| War Mill | 1 | |
| Barracks | 2 | |
| Voodoo Lounge | 1 | |
| Stronghold | 2 | |
| Great Hall | 5 | |
| Spirit Lodge | 1 | |
| Fortress | 3 | |
| Beastiary | 1 | |
22 total
» build order
00:10 Altar of Storms
00:21 Orc Burrow
01:09 War Mill
01:26 Barracks
01:44 Barracks
01:53 Orc Burrow
03:33 Voodoo Lounge
04:19 Stronghold
04:20 Stronghold
04:24 Orc Burrow
05:13 Great Hall
07:52 Orc Burrow
07:54 Spirit Lodge
08:39 Great Hall
10:50 Fortress
10:50 Fortress
12:53 Great Hall
17:17 Beastiary
19:12 Great Hall
21:31 Great Hall
22:57 Orc Burrow
» items
| Scroll of Town Portal | 5 | |
| Healing Salve | 1 | |
| Lesser Clarity Potion | 2 | |
| Potion of Lesser Invulnerability | 3 | |
| Scroll of Healing | 1 | |
| Orb of Lightning | 1 | |
13 total
Ihatelag (
pink | 104 APM | 2679 actions | 25:50)
7 Archmage
3 Summon Water Elemental
3 Brilliance Aura
1 Mass Teleport
» actions
| Assign group hotkey | 123 | |
| Basic commands | 157 | |
| Build / train | 122 | |
| ESC pressed | 2 | |
| Enter build submenu | 39 | |
| Enter hero's abilities submenu | 8 | |
| Give item / drop item | 5 | |
| Right click | 981 | |
| Select / deselect | 321 | |
| Select group hotkey | 710 | |
| Use ability | 211 | |
2679 total
» units
| Peasant | 19 | |
| Footman | 8 | |
| Gryphon Rider | 6 | |
| Dragonhawk Rider | 3 | |
| Knight | 1 | |
37 total
» upgrades
| Backpack | 1 | |
| Masonry | 3 | |
| Lumber Harvesting | 2 | |
| Swords | 3 | |
| Animal War Training | 1 | |
| Armor | 3 | |
| Storm Hammers | 1 | |
| Cloud | 1 | |
| Gunpowder | 2 | |
| Plating | 2 | |
| Defend | 1 | |
| Long Rifles | 1 | |
| Spiked Barricades | 1 | |
| Ensnare | 1 | |
| Shaman Training | 1 | |
24 total
» buildings
| Altar of Kings | 1 | |
| Barracks | 1 | |
| Farm | 19 | |
| Arcane Vault | 1 | |
| Lumber Mill | 1 | |
| Town Hall | 1 | |
| Blacksmith | 1 | |
| Keep | 3 | |
| Scout Tower | 11 | |
| Arcane Tower | 1 | |
| Guard Tower | 8 | |
| Castle | 4 | |
| Gryphon Aviary | 4 | |
56 total
» build order
01:03 Altar of Kings
01:06 Barracks
01:07 Farm
01:09 Farm
01:39 Farm
02:20 Farm
02:34 Arcane Vault
02:57 Lumber Mill
03:06 Farm
04:35 Town Hall
05:48 Blacksmith
06:14 Keep
06:14 Keep
06:14 Keep
06:24 Scout Tower
06:28 Scout Tower
06:29 Scout Tower
06:30 Scout Tower
06:31 Scout Tower
07:20 Arcane Tower
07:20 Guard Tower
07:21 Guard Tower
08:35 Castle
08:35 Castle
08:35 Castle
10:55 Gryphon Aviary
10:56 Gryphon Aviary
10:57 Gryphon Aviary
10:58 Gryphon Aviary
12:38 Scout Tower
12:39 Scout Tower
16:36 Guard Tower
16:36 Guard Tower
16:37 Guard Tower
16:39 Scout Tower
16:40 Scout Tower
16:51 Scout Tower
16:54 Scout Tower
22:59 Farm
23:00 Farm
23:01 Farm
23:02 Farm
23:02 Farm
23:03 Farm
23:04 Farm
23:05 Farm
23:06 Farm
23:07 Farm
23:08 Farm
23:09 Farm
23:11 Farm
23:12 Farm
25:14 Guard Tower
25:14 Guard Tower
» items
| Periapt of Vitality | 2 | |
| Staff of Teleportation | 1 | |
| Potion of Healing | 2 | |
| Orb of Venom | 1 | |
| Lesser Clarity Potion | 1 | |
| Scroll of Town Portal | 1 | |
| Scroll of Regeneration | 1 | |
| Staff of Sanctuary | 1 | |
| Tiny Great Hall | 1 | |
11 total
DrRolfVanDeDerp (
blue | 50 APM | 1303 actions | 25:50)
6 Archmage
3 Summon Water Elemental
2 Brilliance Aura
1 Mass Teleport
» actions
| Assign group hotkey | 31 | |
| Basic commands | 107 | |
| Build / train | 79 | |
| Enter build submenu | 45 | |
| Enter hero's abilities submenu | 6 | |
| Give item / drop item | 3 | |
| Remove unit from queue | 2 | |
| Right click | 562 | |
| Select / deselect | 277 | |
| Select group hotkey | 96 | |
| Use ability | 95 | |
1303 total
» units
| Peasant | 17 | |
| Footman | 4 | |
| Goblin Shredder | 3 | |
| Gryphon Rider | 6 | |
| Dragonhawk Rider | 2 | |
32 total
» upgrades
| Masonry | 3 | |
| Storm Hammers | 1 | |
| Swords | 3 | |
| Armor | 4 | |
| Animal War Training | 1 | |
| Cloud | 1 | |
13 total
» buildings
| Altar of Kings | 1 | |
| Barracks | 1 | |
| Farm | 7 | |
| Arcane Vault | 1 | |
| Keep | 1 | |
| Town Hall | 3 | |
| Scout Tower | 29 | |
| Lumber Mill | 1 | |
| Guard Tower | 9 | |
| Castle | 1 | |
| Gryphon Aviary | 4 | |
| Blacksmith | 2 | |
60 total
» build order
00:36 Altar of Kings
00:37 Barracks
00:53 Farm
01:07 Farm
01:46 Farm
02:39 Arcane Vault
03:32 Keep
04:18 Town Hall
04:20 Scout Tower
04:20 Scout Tower
04:21 Scout Tower
04:21 Scout Tower
04:36 Farm
04:43 Lumber Mill
06:36 Guard Tower
06:59 Castle
08:09 Gryphon Aviary
08:12 Gryphon Aviary
08:14 Gryphon Aviary
08:16 Gryphon Aviary
08:20 Blacksmith
08:23 Blacksmith
08:27 Scout Tower
08:28 Scout Tower
08:28 Scout Tower
08:28 Scout Tower
08:29 Scout Tower
09:01 Guard Tower
11:04 Farm
12:43 Town Hall
13:25 Scout Tower
13:26 Scout Tower
13:26 Scout Tower
13:27 Scout Tower
13:27 Scout Tower
13:27 Scout Tower
13:31 Scout Tower
13:32 Scout Tower
13:32 Scout Tower
13:36 Scout Tower
13:40 Scout Tower
13:42 Scout Tower
13:44 Scout Tower
13:56 Scout Tower
14:09 Scout Tower
14:10 Scout Tower
14:13 Guard Tower
14:15 Guard Tower
14:18 Town Hall
14:20 Scout Tower
14:20 Scout Tower
14:21 Scout Tower
14:22 Scout Tower
14:30 Guard Tower
15:01 Guard Tower
15:04 Guard Tower
16:16 Guard Tower
16:25 Farm
16:29 Farm
16:40 Guard Tower
» items
| Scroll of Regeneration | 4 | |
| Lesser Clarity Potion | 1 | |
| Scroll of Town Portal | 5 | |
| Periapt of Vitality | 1 | |
| Staff of Teleportation | 1 | |
| Potion of Healing | 2 | |
14 total
Chat log
(00:08 / All) DrRolfVanDeDerp: My name's not Bob, it's Rolf
(00:17 / All) Beljone: hi bob
(00:26 / Allies) BATMAN_BEGINS: griffs copters here
(00:34 / All) RWWWWWWWWWWWWWW: clan NBS for hacks
(00:39 / Allies) jw0ou23: knights
(00:41 / All) Ihatelag: Someone just asked why I left last game
(00:47 / All) Ihatelag: I was honest and said why but I'm not telling you guys
(00:51 / All) Ihatelag: Now he's saying "come on man"
(03:37 / All) BATMAN_BEGINS: go away faggot
(03:45 / Allies) gGo: t2
(03:50 / All) RWWWWWWWWWWWWWW: I AM THE NIGHT
(04:01 / All) Beljone: FUCK
(04:03 / All) Beljone: GOING AWAY NOW
(04:14 / Allies) gGo: goggo
(05:30 / All) DrRolfVanDeDerp: I helped my uncle, Jack, off a horse
(05:35 / All) DrRolfVanDeDerp: I helped my uncle jack off a horse
(07:28 / Allies) gGo: bbb
(08:27 / Allies) gGo: need go all
(08:33 / Allies) BATMAN_BEGINS: ignore it
(08:53 / Allies) gGo: bbb
(10:27 / Allies) BATMAN_BEGINS: gold me
(11:52 / Allies) BATMAN_BEGINS: gold me im getting griffs ill wood u
(12:12 / All) Beljone: OH U HAVE DEFEND
(12:15 / Allies) gGo: bb
(12:21 / Allies) jw0ou23: get aa
(12:23 / All) Ihatelag: maphacking trash
(14:54 / Allies) gGo: go rush
(15:02 / Allies) gGo: noob
(15:03 / Allies) gGo: fu
(15:06 / Allies) BATMAN_BEGINS: fuck u bitch
(15:11 / Allies) gGo: nooobobobbo ))
(18:26 / All) BATMAN_BEGINS: that guy was such a faggot
(18:40 / All) Ihatelag: He was a mhing wyrmbot
(18:42 / All) Ihatelag: no respect
(18:48 / All) BATMAN_BEGINS: for sure?
(18:54 / All) Ihatelag: yeah
(18:57 / All) Ihatelag: he pinged our expos
(19:00 / All) Ihatelag: even the one being made
(20:11 / All) Beljone: IS GREEN EVEN FIGHTING
(21:36 / All) BATMAN_BEGINS: oj is another try hard
(21:45 / Allies) jw0ou23: whre is green
(21:59 / Allies) jw0ou23: fuck green asshole
(22:06 / All) BATMAN_BEGINS: now he talks
(22:12 / All) SoTired: im a tryhard for actually playing the game?
(22:15 / All) SoTired: who knew!
(22:16 / All) Ihatelag: Yes
(22:21 / All) SoTired: gg
(22:34 / All) RWWWWWWWWWWWWWW: sory
(22:36 / All) RWWWWWWWWWWWWWW: bout gfreen
(22:47 / All) BATMAN_BEGINS: ur welcome
(24:30 / All) BATMAN_BEGINS: can u guys plz give me my free win
(24:42 / All) RWWWWWWWWWWWWWW: yes
(24:44 / All) RWWWWWWWWWWWWWW: 1 sec
(25:39 / All) BATMAN_BEGINS: i dont care wh owins
(25:43 / All) DrRolfVanDeDerp: red loses
(25:46 / All) Ihatelag: red loses
(25:48 / All) BATMAN_BEGINS: ok